 Dungeon Crawl Stone Soup version 0.26-a0-639-g72c4674329 (webtiles) character file.

Game seed: 10960871490908986447

428 PentaManta the Chopper (level 7, -1/50 (52) HPs)
             Began as a Formicid Abyssal Knight on Sept 19, 2020.
             Was a Believer of Lugonu.
             Killed from afar by an orc wizard (4 damage)
             ... with a magic dart
             ... on level 4 of the Dungeon.
             The game lasted 00:09:00 (4524 turns).

PentaManta the Chopper (Formicid Abyssal Knight)    Turns: 4524, Time: 00:09:02

HP:   -1/50 (52)    AC:  7    Str: 18    XL:     7   Next: 18%
MP:   8/8           EV:  9    Int: 12    God:    Lugonu [**....]
Gold: 119           SH:  0    Dex: 10    Spells: 6/6 levels left

rFire    . . .     SeeInvis +   a - +1 hand axe
rCold    + . .     Faith    .   (no shield)
rNeg     . . .     Spirit   .   h - +0 scale mail
rPois    .         Reflect  .   (helmet unavailable)
rElec    .         Harm     .   j - +0 cloak (curse)
rCorr    .         Rampage  .   (no gloves)
MR       +....                  (no boots)
Stlth    ..........             (no amulet)
HPRegen  0.16/turn              o - ring of protection from cold
MPRegen  0.11/turn              e - ring of protection from magic

@: brilliant, stab
A: permanent stasis, dig shafts and tunnels, four strong arms, antennae 3
a: Dig, Shaft Self, Depart the Abyss, Bend Space, Renounce Religion


You were on level 4 of the Dungeon.
You worshipped Lugonu.
Lugonu was pleased with you.
You visited 1 branch of the dungeon, and saw 4 of its levels.
You visited the Abyss 1 time.

You collected 119 gold pieces.

Inventory:

Hand Weapons
 a - a +1 hand axe (weapon)
 c - a +0 dagger
 m - a +0 war axe
 s - a cursed -1 hunting sling
 v - a +0 rapier of venom
Missiles
 k - 31 poisoned darts (quivered)
Armour
 h - a +0 scale mail (worn)
 j - a cursed +0 cloak (worn)
 u - a +0 chain mail
Jewellery
 e - a ring of protection from magic (right hand)
 l - an uncursed ring of positive energy
 o - a ring of protection from cold (left hand)
 q - an uncursed ring of flight
Wands
 i - a wand of disintegration (18)
Scrolls
 f - 2 scrolls of identify
 g - 4 scrolls of remove curse
 r - a scroll of amnesia
 t - 3 scrolls of magic mapping
Potions
 b - a potion of lignification
 d - a potion of mutation


   Skills:
 - Level 3.2 Fighting
 + Level 7.2 Axes
 - Level 2.1 Armour
 - Level 0.8 Dodging
 - Level 2.1 Invocations


You had 6 spell levels left.
You didn't know any spells.
Your spell library contained the following spells:

 Spells                   Type           Power        Failure   Level
 Confusing Touch          Hex            #.......     97%         3
 Gell's Gravitas          Tloc           #.........   97%         3
 Petrify                  Tmut/Erth      #.......     100%        4
 Metabolic Englaciation   Hex/Ice        #.........   100%        5
 Yara's Violent Unravell  Hex/Tmut       #.........   100%        5


Dungeon Overview and Level Annotations

Branches:
Dungeon (4/15)
 Temple: D:4-7

Altars:

Annotations:
D:4 Grinder


Innate Abilities, Weirdness & Mutations

You cannot be hasted, slowed, berserked, paralysed or teleported.
You can dig through walls and to a lower floor.
Your four strong arms can wield two-handed weapons with a shield.
You have a pair of large antennae on your head. (SInv)


Message History

Your scale mail prevents you from hitting the orc wizard.
The orc wizard gestures wildly while chanting.
The orc wizard blinks!
Grinder closely misses you.
You closely miss Grinder.
Grinder is almost dead.
Grinder hits you.
* * * LOW HITPOINT WARNING * * *
You writhe in agony.
* * * LOW HITPOINT WARNING * * *
It was a potion of brilliance.
You feel clever all of a sudden.
The orc wizard hits you but does no damage.
Grinder barely misses you.
It was a potion of stabbing.
You feel ready to backstab.
The orc wizard hits you with a +0 dagger.
* * * LOW HITPOINT WARNING * * *
The orc wizard points at you and mumbles some strange words.
The magic dart hits you.
You die...

## . #..# .. #..##### ...
......# .. >... ......# ..
..... #.....# .
......##o....## ##
.....o5@..)...# .###.
#...####......####
........####.#####.........
....#..##..................
........................##
......#..................#
......##.................##
......# #..................
......# #..............####


You could see Grinder, an orc wizard (fast) and an orc.

Vanquished Creatures
  A necrophage (D:3)
  An ogre (D:4)
  A phantom (D:4)
  An orc priest (D:3)
  A worker ant (D:3)
  4 adders
  2 adder skeletons (D:4)
  2 worms
  3 leopard geckos
  6 orcs
  4 bats
  4 giant cockroaches
  5 goblins
  5 hobgoblins
  3 jackals (D:3)
  9 kobolds
  A quokka (D:3)
  3 frilled lizards
  10 rats
66 creatures vanquished.

Vanquished Creatures (others)
  A lurking horror (Abyss:2)
1 creature vanquished.

Grand Total: 67 creatures vanquished

Notes
Turn   | Place    | Note
-------+----------+-------------------------------------------
     0 | Abyss:1  | PentaManta the Formicid Abyssal Knight began the quest for
                  | the Orb.
     0 | Abyss:1  | Reached XP level 1. HP: 18/18 MP: 2/2
    81 | Abyss:1  | Noticed a small abomination
    92 | Abyss:1  | Noticed an eye of devastation
   108 | Abyss:2  | Noticed a snapping turtle zombie
   135 | Abyss:2  | Noticed a small abomination
   138 | Abyss:2  | Noticed a tentacled starspawn
   145 | D:1      | Escaped the Abyss
   645 | D:1      | Reached XP level 2. HP: 19/24 MP: 3/3
   895 | D:1      | Reached * piety under Lugonu
   895 | D:1      | Reached skill level 3 in Axes
  1220 | D:2      | Reached XP level 3. HP: 8/29 MP: 4/4
  1907 | D:2      | Reached skill level 4 in Axes
  1907 | D:2      | Reached XP level 4. HP: 35/35 MP: 5/5
  3060 | D:3      | Reached ** piety under Lugonu
  3060 | D:3      | Reached XP level 5. HP: 26/41 MP: 6/6
  3088 | D:3      | Reached skill level 5 in Axes
  3229 | D:3      | Noticed a necrophage
  3252 | D:3      | Killed a necrophage
  3252 | D:3      | Reached skill level 6 in Axes
  3252 | D:3      | Reached XP level 6. HP: 25/45 MP: 7/7
  3647 | D:4      | Noticed a phantom
  4299 | D:4      | Killed a phantom
  4390 | D:4      | Noticed an ogre
  4401 | D:4      | Killed an ogre
  4401 | D:4      | Reached skill level 7 in Axes
  4401 | D:4      | Reached XP level 7. HP: 50/50 MP: 8/8
  4491 | D:4      | Noticed Grinder
  4524 | D:4      | Killed from afar by an orc wizard

Illustrated notes

Levels and vault maps discovered:
D:1:      dpeg_arrival_arbitrary_a, layout_loops_ring, minmay_tromino_i2
D:2:      layout_rooms, minmay_crystal_room
D:3:      layout_loops_corners
D:4:      layout_rooms, minmay_fractal_squares_diagonal_5, uniq_grinder

Skill      XL: |  1  2  3  4  5  6 |
---------------+-------------------+-----
Axes           | 3 4 6 7 |  7.2
Fighting       | |  3.2
Armour         | |  2.1
Dodging        | |  0.8
Invocations    | |  2.1

Action                   |  1- 3 |  4- 6 |  7- 9 || total
-------------------------+-------+-------+-------++-------
Melee: Dagger            |    15 |       |       ||    15
       Hand axe          |    61 |   177 |    40 ||   278
Throw: Dart              |     1 |    15 |       ||    16
Invok: Depart the Abyss  |     1 |       |       ||     1
  Use: Scroll            |     5 |     1 |       ||     6
       Potion            |     1 |     3 |     2 ||     6
Armor: Leather armour    |     3 |       |       ||     3
       Skin              |    13 |       |       ||    13
       Ring mail         |     9 |    19 |       ||    28
       Scale mail        |       |    40 |    20 ||    60
Dodge: Dodged            |    34 |    68 |    14 ||   116

Table legend: (Time is in decaauts)
 A = Elapsed time spent in this place.
 B = Non-inter-level travel time spent in this place.
 C = Inter-level travel time spent in this place.
 D = Time resting spent in this place.
 E = Time spent auto-exploring this place.
 F = Levels seen in this place.
 G = Mean time per level.
                   A        B        C        D        E       F      G
               +--------+--------+--------+--------+--------+-----+--------+
         Total |   4533 |   4439 |     94 |    819 |   2705 |   6 |  755.5 |
       Dungeon |   4389 |   4295 |     94 |    819 |   2705 |   4 | 1097.2 |
         Abyss |    144 |    144 |      0 |      0 |      0 |   2 |   72.0 |
               +--------+--------+--------+--------+--------+-----+--------+

Top non-repeatable levels by time:
     D:3: 2132 daAuts
     D:2: 968 daAuts
     D:1: 937 daAuts
     D:4: 351 daAuts
 Abyss:1: 98 daAuts
 Abyss:2: 45 daAuts
